Construct Section Command Post
Construct Platoon Command Post
Selects Heavy Armor Battlegroup
Selects Rigorous Vehicle Training
Selects Light Vehicle Withdraw and Refit
Light Vehicle Withdraw and Refit
Unlock Bishop Self-propelled Artillery
6-pounder Anti-tank Gun Team
6-pounder Anti-tank Gun Team
Construct Company Command Post
Selects Forward Repair Assembly
Unlock Towed 17-pounder Anti-tank Guns
17-pounder Anti-tank Gun Team